 Dungeon Crawl Stone Soup version 0.17-a0-1769-g54adf96 (webtiles) character file.

526 ololoev the Cudgeler (level 7, 43/55 HPs)
             Began as a Mottled Draconian Skald on Sept 7, 2015.
             Quit the game on level 5 of the Dungeon.
             The game lasted 00:12:27 (4506 turns).

ololoev the Cudgeler (Mottled Draconian Skald)      Turns: 4506, Time: 00:12:27

Health: 43/55      AC:  6    Str: 18    XL:     7   Next: 2%
Magic:  12/12      EV: 12    Int: 14    God:
Gold:   162        SH:  0    Dex: 11    Spells: 4 memorised, 3 levels left

rFire  . . .     SeeInvis .     a - +1 flail (holy)
rCold  . . .     Clarity  .     (armour unavailable)
rNeg   . . .     SustAt   .     (no shield)
rPois  .         Gourm    +     (helmet restricted)
rElec  .         Spirit   .     (no cloak)
rCorr  .         Warding  .     (no gloves)
rMut   .         Stasis   .     (no boots)
MR     .....                    y - amulet of the gourmand
Stlth  ..........               r - ring of loudness (curse)
                                e - +4 ring of strength

@: mildly poisoned (43 -> 42), singing (expiring), not resistant to hostile
enchantments, extremely unstealthy
A: breathe sticky flame splash, unfitting armour, cold-blooded, AC +6
a: Breathe Sticky Flame, Stop Singing


Innate Abilities, Weirdness & Mutations

You can spit globs of burning liquid.
You can ignite nearby creatures when you spit burning liquid.
Your weird mottled scales are hard (AC +6).
Your body does not fit into most forms of armour.
You are cold-blooded and may be slowed by cold attacks.

Inventory:

Hand weapons
 a - a +1 flail of holy wrath (weapon)
 b - a +0 blowgun
Missiles
 h - 6 javelins (quivered)
 x - 42 poisoned needles
Jewellery
 e - a +4 ring of strength (left hand)
 r - a cursed ring of loudness (right hand)
 v - an uncursed amulet of warding
 y - an amulet of the gourmand (around neck)
Magical devices
 n - a wand of digging (2)
 u - a wand of frost (9)
Scrolls
 d - 2 scrolls of random uselessness {unknown}
 f - 6 scrolls of identify {unknown}
 g - a scroll of magic mapping {unknown}
 m - a scroll of amnesia
 o - a scroll of teleportation
 t - 3 scrolls of blinking {unknown}
Potions
 i - a potion of cure mutation {unknown}
 j - 3 potions of haste {unknown}
 q - 2 potions of lignification {unknown}
 z - a potion of curing {unknown}
 A - a potion of mutation {unknown}
 B - a potion of degeneration {unknown}
Books
 w - a book of Battle

   Spells                             Type                      Level
   a - Infusion                       Charms                       1
   b - Shroud of Golubria             Charms/Translocation         2
   c - Song of Slaying                Charms                       2
   d - Spectral Weapon                Hexes/Charms                 3
   e - Regeneration                   Charms/Necromancy            3
Comestibles
 c - 3 bread rations
 k - 2 meat rations
 l - a royal jelly
 p - 26 fruits
 s - 2 beef jerkies
 C - 3 chunks of flesh


   Skills:
 - Level 2.1 Fighting
 * Level 5.2 Maces & Flails
 + Level 1.6 Throwing
 - Level 1.3 Dodging
 - Level 3.3 Spellcasting
 - Level 0.1 Hexes
 - Level 4.4 Charms
 - Level 0.6 Necromancy


You had 3 spell levels left.
You knew the following spells:

 Your Spells              Type           Power        Failure   Level  Hunger
a - Infusion              Chrm           ##....       3%          1    #......
b - Song of Slaying       Chrm           ##......     6%          2    ##.....
c - Regeneration          Chrm/Necr      #.........   24%         3    ###....
d - Spectral Weapon       Hex/Chrm       #.......     24%         3    ###....


You were on level 5 of the Dungeon.
You were not hungry.

You visited 1 branch of the dungeon, and saw 5 of its levels.

You collected 162 gold pieces.

....... #..#......
....... #......_..
....... #..#......
...[... ##..#...[..
....$..#### #...##.....
).........####...####.##
............÷)..........
........................
.#.....@#.#########..#.#
#.####.#.# .[...#.# #
#.#.# .PPPP.#.# #.#)#
PPP.P.... #.#.# _PP....
..#.#


PP...... $.#.# PP.... ..#.# #..... #.# ######

Notes
Turn   | Place    | Note
--------------------------------------------------------------
     0 | D:1      | ololoev the Draconian Skald began the quest for the Orb.
     0 | D:1      | Reached XP level 1. HP: 17/17 MP: 3/3
   496 | D:2      | Reached XP level 2. HP: 22/24 MP: 5/5
   523 | D:2      | Learned a level 2 spell: Song of Slaying
   570 | D:2      | Reached skill level 3 in Charms
  1100 | D:2      | Reached XP level 3. HP: 24/29 MP: 6/6
  1152 | D:2      | Noticed Jessica
  1158 | D:2      | Killed Jessica
  1179 | D:2      | Noticed Natasha
  1190 | D:2      | Killed Natasha
  1190 | D:2      | Reached XP level 4. HP: 26/36 MP: 0/7
  1287 | D:2      | Noticed Ijyb
  1305 | D:2      | Killed Ijyb
  1313 | D:2      | Learned a level 3 spell: Regeneration
  1320 | D:2      | Noticed Natasha
  1344 | D:2      | Killed Natasha
  1611 | D:2      | Reached skill level 4 in Charms
  1651 | D:2      | Reached XP level 5. HP: 26/41 MP: 6/9
  2047 | D:2      | Noticed Natasha
  2055 | D:2      | Killed Natasha
  2628 | D:3      | Noticed shakdrar's ghost (weakling OpFE)
  2638 | D:3      | Killed shakdrar's ghost
  2886 | D:3      | Reached XP level 6. HP: 45/48 MP: 6/11
  2891 | D:3      | Learned a level 3 spell: Spectral Weapon
  4248 | D:5      | Entered Level 5 of the Dungeon
  4267 | D:5      | Reached skill level 1 in Throwing
  4368 | D:5      | Reached skill level 5 in Maces & Flails
  4406 | D:5      | Found a stormy altar of Qazlal.
  4406 | D:5      | Found a blossoming altar of Fedhas.
  4499 | D:5      | Your scales start taking on a weird mottled colour.
  4499 | D:5      | Reached XP level 7. HP: 43/55 MP: 12/12
  4506 | D:5      | Quit the game

Dungeon Overview and Level Annotations

Branches:
Dungeon (5/15)
 Temple: D:4-7

Altars:
Fedhas
Qazlal


Message History

You kill the giant gecko!
You thump the orc!
The orc is almost dead.
The orc hits you with a dagger.
You sock the orc!
You kill the orc!
You sock the orc!
You kill the orc!
Items here: )) [ † a mace; a ring mail; a dagger; a giant gecko corpse You butcher the giant gecko corpse.
C - 2 chunks of flesh
Things that are here:
a mace; a ring mail; a dagger The adder bites you.
Found 13 gold pieces.
You hit the adder but do no damage. The adder bites you.
You are poisoned.
The adder poisons you! The adder barely misses you.
You thump the adder!
The adder is heavily wounded.
You feel sick.
The crimson imp blinks!
The adder closely misses you.
You hit the adder.
Your tail-slap misses the adder.
The adder is severely wounded.
The adder barely misses you.
The crimson imp blinks!
The adder barely misses you.
You hit the adder. You tail-slap the adder.
You kill the adder!
You feel sick.
You hit the crimson imp.
The crimson imp convulses.
You kill the crimson imp!
You have reached level 7!
Your scales start taking on a weird mottled colour.
t - 3 scrolls labeled JEDGHU DOKOANO (gained 1)
Your song is almost over.
You feel sick.
You see here an adder corpse.
You butcher the adder corpse.
C - 3 chunks of flesh (gained 1) Are you sure you want to abandon this character and quit the game? (Confirm with "yes".)

There were no monsters in sight!

Vanquished Creatures
  A centaur (D:5)
  The ghost of shakdrar the Firebug, a weakling OpFE (D:3)
  A crimson imp (D:5)
  Ijyb (D:2)
  Jessica (D:2)
  A hound (D:4)
  Natasha (thrice) (D:2)
  An iguana (D:3)
  7 adders
  7 gnolls
  An adder zombie (D:5)
  6 worms
  4 giant geckos
  6 orcs
  4 giant cockroaches
  7 goblins
  8 hobgoblins
  2 jackals (D:2)
  2 quokkas (D:2)
  A ball python (D:3)
  3 bats
  7 giant newts
  7 kobolds
  9 rats
91 creatures vanquished.

Action                   |  1- 3 |  4- 6 |  7- 9 || total
-------------------------+-------+-------+-------++-------
Melee: Mace              |    70 |   105 |       ||   175
       Flail             |       |    95 |       ||    95
 Fire: Blowgun           |       |     7 |       ||     7
Throw: Javelin           |       |     6 |       ||     6
 Cast: Infusion          |     4 |    12 |       ||    16
       Song of Slaying   |     3 |     5 |       ||     8
 Abil: Stop Singing      |       |     2 |       ||     2
Evoke: Wand              |       |     4 |       ||     4
  Use: Scroll            |       |     2 |       ||     2
 Stab: Sleeping          |       |     1 |       ||     1
  Eat: Chunk             |     1 |    16 |       ||    17

Vault maps used:
D:1:      dpeg_arrival_lava_altar, nrook_mini_vaults
D:2:      dk_vineyard_1, uniq_natasha, uniq_jessica, uniq_iyjb
D:3:      first_bread, st_stairs_12, minmay_divided_ellipse
D:4:      kennysheep_dice
D:5:      fedhas_bush_and_centaur_altar, old_standard_altar,
          grunt_temple_overflow_open, minmay_temple_entry_purple_smoke
